 Dungeon Crawl Stone Soup version 0.30-a0-719-gcc4359ea44 (webtiles) character file.

Game seed: 17824859719477150480

53 sircluck the Caller (level 3, -2/20 HPs)
             Began as a Deep Elf Summoner on Jan 27, 2023.
             Slain by a scorpion (6 damage)
             ... on level 4 of the Dungeon.
             The game lasted 00:11:52 (3268 turns).

sircluck the Caller (Deep Elf Summoner)             Turns: 3268, Time: 00:11:52

Health: -2/20      AC:  2    Str:  5    XL:     3   Next: 64%
Magic:  7/9        EV: 12    Int: 21    God:
Gold:   181        SH:  0    Dex: 15    Spells: 7/8 levels left

rFire   . . .      SeeInvis .    d - +3 dagger (protect)
rCold   . . .      Faith    .    (no shield)
rNeg    . . .      Spirit   .    a - +0 robe
rPois   .          Reflect  .    (no helmet)
rElec   .          Harm     .    (no cloak)
rCorr   .          Rampage  .    (no gloves)
Will    .....                    (no boots)
Stlth   ++                       (no amulet)
HPRegen 0.23/turn                (no ring)
MPRegen 0.11/turn                (no ring)

@: lethally poisoned (-2 -> -6)
A: no striking features
a: no special abilities


You were on level 4 of the Dungeon.
You visited 1 branch of the dungeon, and saw 4 of its levels.

You collected 181 gold pieces.

Inventory:

Hand Weapons
 d - a +3 dagger of protection (weapon)
 t - a +0 triple crossbow
Missiles
 o - 20 stones
 p - 3 poisoned darts
Armour
 a - a +0 robe (worn)
Magical Staves
 k - a staff of death
Scrolls
 f - 2 scrolls of fear {unknown}
 g - 2 scrolls of identify {unknown}
 h - 4 scrolls of teleportation {unknown}
 i - a scroll of poison {unknown}
 l - 2 scrolls of immolation {unknown}
 m - a scroll of vulnerability {unknown}
 n - a scroll of butterflies {unknown}
 s - 2 scrolls of enchant weapon {unknown}
 u - 2 scrolls of noise {unknown}
 w - a scroll of enchant armour {unknown}
 y - a scroll of blinking {unknown}
Potions
 b - a potion of magic (quivered)
 c - 4 potions of curing {unknown}
 e - a potion of resistance {unknown}
 j - 3 potions of lignification {unknown}
 q - a potion of might {unknown}
 r - 3 potions of heal wounds {unknown}
 v - a potion of haste {unknown}
 x - a potion of degeneration {unknown}


   Skills:
 + Level 0.6 Fighting
 + Level 0.5 Short Blades
 + Level 0.1 Staves
 + Level 2.6 Dodging
 + Level 3.0 Stealth
 + Level 0.2 Unarmed Combat
 + Level 3.3 Spellcasting
 + Level 5.1 Summonings


You had 7 spell levels left.
You knew the following spells:

 Your Spells              Type           Power      Damage    Failure   Level
a - Summon Small Mammal   Summ           100%       N/A       1%          1

Your spell library contained the following spells:

 Spells                   Type           Power      Damage    Failure   Level
 Call Imp                 Summ           25%        N/A       2%          2
 Call Canine Familiar     Summ           25%        N/A       4%          3
 Sandblast                Erth           6%         2d5       13%         1
 Summon Guardian Golem    Hex/Summ       14%        N/A       14%         3
 Passwall                 Tmut/Erth      2%         N/A       19%         2
 Static Discharge         Conj/Air       6%         2-3/arc   19%         2
 Stone Arrow              Conj/Erth      6%         3d7       36%         3
 Vhi's Electric Charge    Tloc/Air       6%         N/A       36%         3
 Summon Lightning Spire   Summ/Air       14%        N/A       41%         4
 Arcjolt                  Conj/Air       1%         1d11      98%         5
 Lightning Bolt           Conj/Air       1%         1d12      98%         5


Dungeon Overview and Level Annotations

Branches:
Dungeon (4/15)             Temple (0/1) D:4

Altars:
Okawaru


Message History

You hit the scorpion.
The scorpion is moderately wounded.
You feel sick.
The scorpion stings you but does no damage. x2
You hit the scorpion but do no damage.
The scorpion is moderately wounded.
You feel sick.
You are no longer poisoned.
The scorpion stings you.
* * * LOW HITPOINT WARNING * * *
You hit the scorpion.
The scorpion is moderately wounded.
The scorpion completely misses you.
You hit the scorpion.
The scorpion is heavily wounded.
The scorpion closely misses you.
You barely miss the scorpion.
The scorpion is heavily wounded.
The scorpion closely misses you.
You hit the scorpion but do no damage.
The scorpion is heavily wounded.
The scorpion stings you but does no damage.
Casting: Summon Small Mammal (safe; 1% risk of failure)
Confirm with . or Enter, or press ? or * to list all spells.
The scorpion stings you but does no damage. x2
Found an escape hatch in the ceiling.
Your quokka barely misses the scorpion.
Found a short glowing staff.
There is a stone staircase leading down here.
Your quokka bites the scorpion but does no damage.
The scorpion barely misses you. The scorpion attacks as you move away!
The scorpion stings you.
You are lethally poisoned!
The scorpion poisons you!
* * * LOW HITPOINT WARNING * * *
You feel sick.
Casting: Summon Small Mammal (safe; 1% risk of failure)
Confirm with . or Enter, or press ? or * to list all spells.
* * * LOW HITPOINT WARNING * * *
You feel sick.
Your quokka bites the scorpion.
The scorpion stings you.
You die...

...#######...$.......$...####
.........................#
.........................##
..............#...#.#.....#
.................##.).>......
............>....####...#....
..?$........r.b..#######...##
......>.....s....... ..##
............@....... ...#
.................### ...#
.............# #..#
.<...........# ........|....#
.............#
...............
..............#


You could see a scorpion (ally target), a friendly quokka (summoned) and a
friendly bat (summoned).

Vanquished Creatures
  A worm (D:2)
  2 dart slugs (D:3)
  An endoplasm (D:1)
  3 giant cockroaches (D:2)
  3 goblins
  5 hobgoblins
  5 kobolds
  A quokka (D:3)
  4 ball pythons
  A bat (D:1)
  3 frilled lizards
  5 rats
  A bush (D:3)
  A butterfly (D:4)
36 creatures vanquished.

Vanquished Creatures (collateral kills)
  A ball python (D:1)
  A giant cockroach (D:1)
  2 goblins (D:1)
  3 jackals (D:2)
  A frilled lizard (D:2)
  A kobold (D:1)
  A rat (D:1)
10 creatures vanquished.

Vanquished Creatures (others)
  6 fungi (D:3)
6 creatures vanquished.

Grand Total: 52 creatures vanquished

Notes
Turn   | Place    | Note
-------+----------+-------------------------------------------
     0 | D:1      | sircluck the Deep Elf Summoner began the quest for the Orb.
     0 | D:1      | Reached XP level 1. HP: 10/10 MP: 6/6
   149 | D:1      | Reached XP level 2. HP: 15/15 MP: 8/8
  1456 | D:2      | Reached skill level 5 in Summonings
  1602 | D:2      | Reached XP level 3. HP: 8/19 MP: 9/9
  2069 | D:3      | Found an iron altar of Okawaru.
  3157 | D:4      | Found a staircase to the Ecumenical Temple.
  3234 | D:4      | Noticed a scorpion
  3268 | D:4      | Slain by a scorpion

Illustrated notes

Levels and vault maps discovered:
D:1:      shiori_arrival_oz, layout_basic, kennysheep_pointless_box,
          minmay_distorted
D:2:      layout_rooms
D:3:      layout_loops_ring, mainiacjoe_overflow_boulevard,
          kennysheep_nondescript
D:4:      layout_layer_cave, minmay_temple_entry_butterflies

Skill      XL: |  1  2  3 |
---------------+----------+-----
Summonings     | 5 |  5.1
Stealth        | 3 |  3.0
Fighting       | |  0.6
Short Blades   | |  0.5
Staves         | |  0.1
Dodging        | |  2.6
Unarmed Combat | |  0.2
Spellcasting   | |  3.3

Action                     || total
---------------------------++-------
  Melee: Unarmed           ||    14
         Dagger            ||   403
         Staff             ||     6
         Punch             ||     7
   Cast: Summon Small Mamm ||    14
    Use: Potion            ||     1
   Stab: Sleeping          ||     4
 Armour: Robe              ||    33
  Dodge: Dodged            ||    92

Table legend: (Time is in decaauts)
 A = Elapsed time spent in this place.
 B = Non-inter-level travel time spent in this place.
 C = Inter-level travel time spent in this place.
 D = Time resting spent in this place.
 E = Time spent auto-exploring this place.
 F = Levels seen in this place.
 G = Mean time per level.
                   A        B        C        D        E       F      G
               +--------+--------+--------+--------+--------+-----+--------+
         Total |   3264 |   3026 |    238 |      0 |    683 |   4 |  816.0 |
       Dungeon |   3264 |   3026 |    238 |      0 |    683 |   4 |  816.0 |
               +--------+--------+--------+--------+--------+-----+--------+

Top non-repeatable levels by time:
     D:1: 1419 daAuts
     D:3: 1092 daAuts
     D:2: 623 daAuts
     D:4: 129 daAuts
